 Dungeon Crawl Stone Soup version 0.18.1-1-g2f07953 (webtiles) character file.

214 Aizer the Sneak (level 5, 0/39 HPs)
             Began as a Demonspawn Assassin on Oct 2, 2016.
             Was an Initiate of Ashenzari.
             Succumbed to an adder's poison
             ... on level 4 of the Dungeon.
             The game lasted 01:13:57 (5667 turns).

Aizer the Sneak (Demonspawn Assassin)               Turns: 5667, Time: 01:13:57

Health: 0/39       AC:  6    Str: 11    XL:     5   Next: 60%
Magic:  4/4        EV: 10    Int: 10    God:    Ashenzari [......]
Gold:   99         SH:  0    Dex: 14    Spells: 0 memorised, 4 levels left

rFire  . . .     SeeInvis .     s - -1 hunting sling (curse)
rCold  + + .     Gourm    .     i - +0 ring mail
rNeg   . . .     Faith    .     (no shield)
rPois  .         Spirit   .     (helmet restricted)
rElec  .         Dismiss  .     d - +0 cloak
rCorr  .         Reflect  .     (no gloves)
SustAt .         Harm     .     (no boots)
MR     .....                    (no amulet)
Stlth  ++........               (no ring)
                                o - ring of protection from cold

@: lethally poisoned (0 -> -10), drained, not resistant to hostile enchantments,
unstealthy
A: horns 2, clumsy 1, cold resistance 1, dopey 1, low mp 1
a: Curse Item, Renounce Religion


You were on level 4 of the Dungeon.
You worshipped Ashenzari.
Ashenzari was noncommittal.
You were not hungry.

You visited 2 branches of the dungeon, and saw 5 of its levels.

You collected 99 gold pieces.

Inventory:

Hand Weapons
 a - a +3 dagger
 b - a +0 short sword
 q - a +0 blowgun
 s - a cursed -1 hunting sling (weapon)
 K - a +0 war axe of draining
 L - a +0 hunting sling
 P - a +0 spear
 T - a cursed -3 falchion
Missiles
 e - 10 poisoned needles
 f - 2 curare-tipped needles
 m - 121 stones (quivered)
 r - 12 arrows
 B - a throwing net
 D - 21 bolts
 M - 18 sling bullets
 Q - 5 tomahawks
 Y - 4 javelins
Armour
 c - a +0 robe
 d - a +0 cloak (worn)
 h - a +0 robe
 i - a +0 ring mail (worn)
 j - a +0 ring mail
 k - a +0 leather armour
 v - a +0 scale mail
 z - a +0 ring mail
 I - a +0 robe
 N - a +0 leather armour
 R - a cursed +0 leather armour
 X - a +0 ring mail
Jewellery
 o - a ring of protection from cold (left hand)
Comestibles
 g - 3 chunks of flesh
 J - 3 meat rations
 O - 2 beef jerkies
 U - a bread ration
 V - a slice of pizza
 Z - 2 fruits


   Skills:
 + Level 2.6(1.7) Fighting
 + Level 2.5(1.6) Short Blades
 * Level 1.1(1.2) Slings
 + Level 2.8(2.1) Throwing
 + Level 0.8(0.0) Armour
 + Level 2.0(1.1) Dodging
 + Level 4.5(3.5) Stealth


You had 4 spell levels left.
You didn't know any spells.

Dungeon Overview and Level Annotations

Branches:
Dungeon (4/15)             Temple (1/1) D:4

Altars:
Ashenzari
Qazlal
Ru
Sif Muna
Trog
Vehumet
Xom
Yredelemnul
Zin


Innate Abilities, Weirdness & Mutations

You have a pair of horns on your head.
Your flesh is cold resistant.
You are clumsy. (Dex -2)
You are dopey. (Int -2)
Your magical capacity is low (-10% MP).


Message History

You feel sick. The worker ant misses you.
The adder bites you but does no damage.
The worker ant bites you but does no damage.
The adder barely misses you.
You are too injured to fight recklessly!
You are too injured to fight recklessly!
You are too injured to fight recklessly!
You are too injured to fight recklessly!
You are too injured to fight recklessly!
You are too injured to fight recklessly!
You are too injured to fight recklessly!
* * * LOW HITPOINT WARNING * * *
You feel sick. The worker ant misses you.
* * * LOW HITPOINT WARNING * * *
You feel sick. The adder barely misses you.
* * * LOW HITPOINT WARNING * * *
You feel sick. The worker ant barely misses you. The dart slug misses you.
The adder misses you.
You die...
Xom guffaws!

......#.### #..# #..... #
.##.......###(.####(#.##.#
.##.###.#........##......#
.##.###.#..##..#..<...# #
.##.##.....(........####.#
.##...........#.###......#
........#).##.#.#.....####
.........)###.#.#wa...#
........#.###..#@.S...#
..............#.#.....#
.###..###.#######.....#
...........# #######
####.##.##.# # #..#.#
##.#.# .#.# ...#


You could see a worker ant, an adder and a dart slug.

Vanquished Creatures
  A hound (D:4)
  An orc wizard (D:4)
  4 adders
  2 worms
  5 dart slugs
  3 giant geckos
  10 orcs
  17 bats
  5 giant cockroaches
  7 goblins
  7 hobgoblins
  8 jackals (D:3)
  3 quokkas
  A giant newt (D:1)
  10 kobolds
  A quokka zombie (D:3)
  6 rats
91 creatures vanquished.

Notes
Turn   | Place    | Note
--------------------------------------------------------------
     0 | D:1      | Aizer the Demonspawn Assassin began the quest for the Orb.
     0 | D:1      | Reached XP level 1. HP: 16/16 MP: 1/1
   467 | D:1      | Gained mutation: You have a pair of small horns on your head. [demonic ancestry]
   467 | D:1      | Reached XP level 2. HP: 22/22 MP: 2/2
   631 | D:1      | Reached skill level 4 in Stealth
   720 | D:1      | Reached skill level 1 in Dodging
   920 | D:1      | Reached XP level 3. HP: 26/27 MP: 3/3
  2109 | D:2      | Gained mutation: Your flesh is cold resistant. [demonic ancestry]
  2109 | D:2      | Reached XP level 4. HP: 33/33 MP: 4/4
  3126 | D:3      | Gained mutation: You are weak. (Str -2) [potion of mutation]
  3126 | D:3      | Gained mutation: You are dopey. (Int -2) [potion of mutation]
  3126 | D:3      | Gained mutation: Your magical capacity is low (-10% MP). [potion of mutation]
  4294 | D:3      | Found a shimmering altar of Xom.
  4307 | D:3      | Became a worshipper of Xom of Unknown Intention
  4576 | D:3      | Gained mutation: You have a pair of horns on your head. [demonic ancestry]
  4576 | D:3      | Reached XP level 5. HP: 39/39 MP: 4/4
  4696 | D:3      | Reached skill level 1 in Slings
  4778 | D:3      | XOM: mild Trmt miscast
  5082 | D:4      | Found a staircase to the Ecumenical Temple.
  5128 | D:4      | XOM: give mutations
  5128 | D:4      | Lost mutation: You are weak. (Str -2) [Xom's mischief]
  5128 | D:4      | Gained mutation: You are clumsy. (Dex -2) [Xom's mischief]
  5217 | Temple   | Entered the Ecumenical Temple
  5280 | Temple   | XOM: 1-stop teleportation journey
  5351 | Temple   | Fell from the grace of Xom
  5351 | Temple   | Became a worshipper of Ashenzari the Shackled
  5655 | D:4      | XOM: enchant monster (bad)
  5666 | D:4      | HP: 1/39 [poisoned by an adder]
  5667 | D:4      | Succumbed to an adder's poison

Skill      XL: |  1  2  3  4  5 |
---------------+----------------+-----
Throwing       | 2 |  2.8
Stealth        | 4 |  4.5
Dodging        | 1 2 |  2.0
Short Blades   | 2 |  2.5
Slings         | 1 |  1.1
Fighting       | |  2.6
Armour         | |  0.8

Action                   |  1- 3 |  4- 6 || total
-------------------------+-------+-------++-------
Melee: Dagger            |    91 |    87 ||   178
       Headbutt          |     9 |     7 ||    16
       Blowgun           |     1 |       ||     1
       Club              |       |     6 ||     6
       Hunting sling     |       |     7 ||     7
 Fire: Blowgun           |    49 |    14 ||    63
       Hunting sling     |       |   239 ||   239
Throw: Stone             |     9 |       ||     9
  Use: Scroll            |     1 |     8 ||     9
       Potion            |       |     6 ||     6
  Eat: Bread ration      |     1 |     1 ||     2
       Meat ration       |       |     1 ||     1
       Fruit             |       |     1 ||     1
Armor: Robe              |     7 |       ||     7
       Ring mail         |    68 |   167 ||   235
       Skin              |       |    23 ||    23
Dodge: Dodged            |   104 |   222 ||   326
